 Dungeon Crawl Stone Soup version 0.29.1-15-g9cfb28693d (webtiles) character file.

Game seed: 3984102693841873238

213 ChiefBigBeans the Trooper (level 5, 0/48 HPs)
             Began as a Minotaur Abyssal Knight on Feb 24, 2023.
             Was a Believer of Lugonu.
             Slain by Ijyb
             ... wielding a +0 club
              (4 damage)
             ... on level 4 of the Dungeon.
             The game lasted 00:05:43 (2949 turns).

ChiefBigBeans the Trooper (Minotaur Abyssal Knight) Turns: 2949, Time: 00:05:43

Health: 0/48       AC:  9    Str: 19    XL:     5   Next: 59%
Magic:  5/5        EV: 10    Int:  7    God:    Lugonu [**....]
Gold:   150        SH:  0    Dex: 11    Spells: 4/4 levels left

rFire   . . .      SeeInvis .   a - +1 spear
rCold   . . .      Faith    .   (no shield)
rNeg    . . .      Spirit   .   n - +0 scale mail
rPois   .          Reflect  .   (helmet restricted)
rElec   .          Harm     .   r - +0 cloak
rCorr   .          Rampage  .   (no gloves)
Will    .....                   f - +0 pair of boots
Stlth   ..........              (no amulet)
HPRegen 0.16/turn               (no ring)
MPRegen 0.09/turn               (no ring)

@: no status effects
A: horns 2, retaliatory headbutt
a: Renounce Religion, Depart the Abyss, Bend Space


You were on level 4 of the Dungeon.
You worshipped Lugonu.
Lugonu was pleased with you.
You visited 1 branch of the dungeon, and saw 4 of its levels.
You visited the Abyss 1 time.

You collected 150 gold pieces.

Inventory:

Hand Weapons
 a - a +1 spear (weapon)
 t - a +6 short sword
Missiles
 d - 38 stones
Armour
 b - a +0 leather armour
 f - a +0 pair of boots (worn)
 n - a +0 scale mail (worn)
 r - a +0 cloak (worn)
Scrolls
 c - 2 scrolls of summoning {unknown}
 g - a scroll of magic mapping {unknown}
 j - a scroll of immolation {unknown}
 l - 2 scrolls of identify {unknown}
 o - 2 scrolls of teleportation {unknown}
 q - a scroll of enchant armour {unknown}
 s - a scroll of blinking {unknown}
Potions
 e - a potion of ambrosia {unknown}
 h - 2 potions of lignification {unknown}
 i - 2 potions of attraction {unknown}
 k - 6 potions of curing {unknown}
 m - a potion of flight {unknown}
 p - a potion of mutation {unknown}


   Skills:
 + Level 5.2 Fighting
 + Level 4.4 Polearms
 + Level 4.5 Armour
 - Level 1.3 Dodging
 - Level 2.0 Invocations


You had 4 spell levels left.
You didn't know any spells.
Your spell library contained the following spells:

 Spells                   Type           Power      Damage    Failure   Level
 Shock                    Conj/Air       0%         1d3       78%         1
 Confusing Touch          Hex            0%         N/A       98%         3
 Gell's Gravitas          Tloc           0%         N/A       98%         3
 Ignite Poison            Fire/Tmut/Pois 0%         N/A       98%         3
 Mephitic Cloud           Conj/Pois/Air  0%         N/A       98%         3
 Swiftness                Air            0%         N/A       98%         3
 Teleport Other           Tloc           0%         N/A       98%         3
 Airstrike                Air            0%         2d(0-16)  100%        4
 Cause Fear               Hex            0%         N/A       100%        4
 Summon Lightning Spire   Summ/Air       0%         N/A       100%        4
 Freezing Cloud           Conj/Ice/Air   0%         6-21      100%        5
 Yara's Violent Unravell  Hex/Tmut       0%         3d3       100%        5
 Dispersal                Tloc           0%         N/A       100%        6
 Dragon Form              Tmut           0%         N/A       100%        7
 Enfeeble                 Hex            0%         N/A       100%        7
 Storm Form               Tmut/Air       0%         N/A       100%        7
 Maxwell's Capacitive Co  Air            0%         ∞         100%        8
 Dragon's Call            Summ           0%         N/A       100%        9


Dungeon Overview and Level Annotations

Branches:
Dungeon (4/15)             Temple (0/1) D:4

Altars:

Annotations:
D:4 Ijyb


Innate Abilities, Weirdness & Mutations

You have a pair of horns on your head.
You reflexively headbutt those who attack you in melee.


Message History

You hit Ijyb but do no damage. Your headbutt misses Ijyb.
Ijyb is lightly wounded.
Ijyb zaps a wand.
Your mind is blasted!
You hit Ijyb but do no damage.
Ijyb is lightly wounded.
Ijyb completely misses you.
You hit Ijyb but do no damage.
Ijyb is lightly wounded.
Ijyb zaps a wand.
Your mind is blasted!
You are too injured to fight recklessly!
You are too injured to fight recklessly!
You are too injured to fight recklessly!
Okay, then.
You barely miss Ijyb. Your headbutt misses Ijyb.
Ijyb is lightly wounded.
Ijyb hits you but does no damage.
You hit Ijyb but do no damage.
Ijyb is lightly wounded.
Ijyb hits you but does no damage.
You barely miss Ijyb.
Ijyb is lightly wounded.
Ijyb zaps a wand.
Your mind is blasted!
* * * LOW HITPOINT WARNING * * *
You closely miss Ijyb. You headbutt Ijyb.
Ijyb is moderately wounded.
You hit Ijyb but do no damage.
Ijyb is moderately wounded.
You hear the slow hiss of a distant avalanche of sand.
Ijyb hits you but does no damage.
You hit Ijyb but do no damage.
Ijyb is moderately wounded.
Ijyb hits you with a +0 club.
* * * LOW HITPOINT WARNING * * *
You closely miss Ijyb.
Ijyb is moderately wounded.
Ijyb closely misses you.
You hit Ijyb but do no damage. You headbutt Ijyb!
Ijyb is severely wounded.
Ijyb hits you with a +0 club.
You die...

.####.........#
..............#
#.#####.>.#######
.#######.# #...####...
.......#.# ##...))..#
.......#.# ###...).....
.......#.####...........
......g#...†..#....##.##
#....@..#####....# .#
..?....#>......##### #
.......######### .......
....... ....... .......
.......


You could see Ijyb.

Vanquished Creatures
  A scorpion (D:4)
  An orc wizard (D:3)
  3 gnolls (D:4)
  4 adders
  A worm (D:3)
  5 dart slugs
  2 orcs (D:3)
  3 ball pythons
  A bat (D:2)
  5 endoplasms
  6 giant cockroaches
  4 goblins
  2 hobgoblins
  2 kobolds
  2 quokkas
  2 frilled lizards
  6 rats
50 creatures vanquished.

Notes
Turn   | Place    | Note
-------+----------+-------------------------------------------
     0 | Abyss:1  | ChiefBigBeans the Minotaur Abyssal Knight began the quest
                  | for the Orb.
     0 | Abyss:1  | Reached XP level 1. HP: 19/19 MP: 1/1
    13 | Abyss:1  | Found a corrupted altar of Lugonu.
   122 | Abyss:1  | Noticed a quasit
   127 | D:1      | Escaped the Abyss
   335 | D:1      | Reached XP level 2. HP: 27/27 MP: 2/2
   345 | D:1      | Reached ** piety under Lugonu
   920 | D:2      | Reached skill level 4 in Fighting
   924 | D:2      | Reached XP level 3. HP: 33/33 MP: 3/3
  1379 | D:2      | Found a faded altar of an unknown god.
  1938 | D:3      | Reached XP level 4. HP: 30/41 MP: 4/4
  2851 | D:4      | Found a staircase to the Ecumenical Temple.
  2877 | D:4      | Reached XP level 5. HP: 45/47 MP: 5/5
  2917 | D:4      | Reached skill level 5 in Fighting
  2932 | D:4      | Noticed Ijyb
  2949 | D:4      | Slain by Ijyb

Illustrated notes

Levels and vault maps discovered:
D:1:      nzn_arrival_depleted_hourglass, layout_basic
D:2:      layout_basic, basic_ecumenical_altar
D:3:      layout_basic, hangedman_abyss_or_decor_lesser_grid, kennysheep_nub,
          hangedman_glass_teeth, dk_vineyard_3
D:4:      layout_basic, minmay_temple_entry_offerings,
          nicolae_ossuary_entry_plus, uniq_ijyb

Skill      XL: |  1  2  3  4  5 |
---------------+----------------+-----
Invocations    | 2 |  2.0
Fighting       | 4 5 |  5.2
Polearms       | 3 4 |  4.4
Armour         | 3 4 |  4.5
Dodging        | |  1.3

Action                   |  1- 3 |  4- 6 || total
-------------------------+-------+-------++-------
Melee: Spear             |    91 |    78 ||   169
       Headbutt          |    11 |    14 ||    25
Invok: Depart the Abyss  |     1 |       ||     1
 Stab: Sleeping          |     1 |       ||     1
Armor: Leather armour    |    14 |       ||    14
       Scale mail        |    11 |    30 ||    41
Dodge: Dodged            |    30 |    26 ||    56
